 Dungeon Crawl Stone Soup version 0.20.0-10-g0535bb4 (webtiles) character file.

9291 SedStubbie the Nimble (level 11, 0/92 HPs)
             Began as a Mummy Gladiator on June 3, 2017.
             Was an Initiate of Gozag.
             Splashed by an oklob plant's acid (6 damage)
             ... on level 10 of the Dungeon.
             The game lasted 00:36:21 (13324 turns).

SedStubbie the Nimble (Mummy Gladiator)            Turns: 13324, Time: 00:36:23

Health: 0/92       AC: 11    Str: 20    XL:     11   Next: 21%
Magic:  11/11      EV: 20    Int:  8    God:    Gozag
Gold:   436        SH:  0    Dex: 14    Spells: 10/10 levels left

rFire    + . .     SeeInvis .   a - +1 quarterstaff
rCold    + . .     Gourm    .   (shield currently unavailable)
rNeg     + + +     Faith    .   U - +3 ring mail {rF+}
rPois    ∞         Spirit   .   c - +0 helmet
rElec    .         Reflect  .   F - +1 cloak
rCorr    .         Harm     .   (no gloves)
MR       +....                  (no boots)
Stlth    +.........             (no amulet)
Regen    0.3/turn               O - +3 ring of evasion
MPRegen  0.2/turn               f - ring of protection from fire

@: no status effects
A: no food or potions, fire vulnerability, cold resistance 1, negative energy
resistance 3, torment resistance, unbreathing
a: Potion Petition, Call Merchant, Bribe Branch, Renounce Religion


You were on level 10 of the Dungeon.
You worshipped Gozag.
Gozag was aware of your devotion.
You were not hungry.

You visited 2 branches of the dungeon, and saw 11 of its levels.

You collected 1179 gold pieces.
You paid 743 gold pieces to Gozag.

Inventory:

Hand Weapons
 a - a +1 quarterstaff (weapon)
Missiles
 B - 3 tomahawks (quivered)
 J - 4 tomahawks of returning
 V - 280 stones
Armour
 c - a +0 helmet (worn)
 D - a +4 scale mail
 F - a +1 cloak (worn)
 U - a +3 ring mail of fire resistance (worn)
 Y - a +2 large shield
 Z - a +2 buckler
Magical Staves
 Q - an uncursed staff of death
Jewellery
 f - a ring of protection from fire (right hand)
 K - an uncursed amulet of harm
 O - a +3 ring of evasion (left hand)
Wands
 A - a wand of acid (2/15)
 C - a wand of confusion (3/48)
 L - a wand of lightning (2/15)
Scrolls
 G - a scroll of blinking {unknown}
 H - a scroll of enchant armour
 M - a scroll of enchant weapon
 N - 3 scrolls of remove curse
 P - a scroll of immolation
 R - 4 scrolls of identify
 S - 2 scrolls of noise
 T - 3 scrolls of teleportation
 W - 3 scrolls of amnesia
 X - 6 scrolls of fog
Books
 E - a book of Frost

   Spells                             Type                      Level
   a - Freeze                         Ice                          1
   b - Throw Frost                    Conjuration/Ice              2
   c - Ozocubu's Armour               Charms/Ice                   3
   d - Throw Icicle                   Conjuration/Ice              4
   e - Summon Ice Beast               Ice/Summoning                4
 I - a book of Misfortune

   Spells                             Type                      Level
   a - Confusing Touch                Hexes                        1
   b - Confuse                        Hexes                        3
   c - Gell's Gravitas                Translocation                3
   d - Petrify                        Transmutation/Earth          4
   e - Metabolic Englaciation         Hexes/Ice                    5
   f - Yara's Violent Unravelling     Hexes/Transmutation          5


   Skills:
 - Level 10.4 Fighting
 + Level 6.0 Staves
 - Level 1.5 Throwing
 - Level 11.0 Dodging


You had 10 spell levels left.
You didn't know any spells.

Dungeon Overview and Level Annotations

Branches:
Dungeon (10/15)            Temple (1/1) D:6            Lair (0/6) D:10
    Orc: D:9-12

Altars:
Ashenzari
Cheibriados
Elyvilon
Fedhas
Gozag
Hepliaklqana
Kikubaaqudgha
Makhleb
Okawaru
Qazlal
Ru
Sif Muna
Trog
Uskayaw
Vehumet
Xom
Yredelemnul
Zin

Shops:
D:10 [

Annotations:
D:6 exclusion: 3 doors
D:8 Psyche
D:10 1 transporter, exclusion: oklob plant


Innate Abilities, Weirdness & Mutations

You do not eat or drink.
Your flesh is vulnerable to fire.
You are immune to poison.
Your flesh is cold resistant. (rC+)
You are immune to negative energy. (rN+++)
You are immune to unholy pain and torment.
You can survive without breathing.


Message History

The oklob plant is severely damaged.
The oklob plant spits acid at you. The splash of acid hits you!
You are splashed with acid!
The acid burns!
You hit the oklob plant.
The oklob plant is severely damaged.
The oklob plant spits acid at you. The splash of acid hits you!
You are splashed with acid!
The acid burns!
You thump the oklob plant!
The oklob plant is almost destroyed.
The oklob plant spits acid at you. The splash of acid hits you!
You are splashed with acid!
The acid burns!
* * * LOW HITPOINT WARNING * * *
You hit the oklob plant but do no damage.
The oklob plant is almost destroyed.
The oklob plant spits acid at you. The splash of acid hits you!
* * * LOW HITPOINT WARNING * * *
You are splashed with acid!
The acid burns!
You die...
Your body crumbles into a pile of gold.

##### ##### #...#######...#
###### #..#...≈...#..# ##...##
#....#@%.#....###......
#...##.PP##...##.......
#.#..PPPP...#.##.......
##########.#≈.PP>P..≈#.##......!
#......##..#..PPPPP..#..##......
##(...........##.PP##....###...##
##......###....#...#.........#.##
##......# #..#...≈...#..######.#
##......###...#######...# #.#


You could see an oklob plant.

Vanquished Creatures
  Erolcha (D:9)
  A hydra (D:9)
  A two-headed ogre (D:8)
  Pikel (D:5)
  A cyclops (D:9)
  A centaur zombie (D:10)
  2 centaur skeletons (D:10)
  A hippogriff (D:9)
  2 dream sheep (D:9)
  A wraith (D:10)
  5 yaks
  A phantom (D:4)
  3 orc warriors
  5 ice beasts
  2 sky beasts
  2 black bears
  A necrophage (D:6)
  6 ogres
  2 centaurs
  4 big kobolds
  4 bullfrogs
  2 gnoll sergeants
  A scorpion (D:10)
  A water moccasin skeleton (D:5)
  4 howler monkeys
  6 crimson imps
  3 bullfrog zombies
  2 bullfrog skeletons (D:6)
  4 hounds
  7 orc wizards
  A quasit (D:5)
  5 orc priests
  Ijyb (D:3)
  A gnoll shaman (D:9)
  9 worker ants
  4 iguanas
  A killer bee zombie (D:9)
  A hound zombie (D:7)
  A worker ant zombie (D:8)
  10 adders
  13 gnolls
  2 shadow imps
  An ooze (D:6)
  4 adder skeletons
  An adder zombie (D:5)
  3 worms
  A dart slug (D:4)
  5 leopard geckos
  20 orcs
  4 giant cockroaches
  10 hobgoblins
  4 jackals (D:5)
  5 quokkas
  6 bats
  2 frilled lizards
  6 goblins
  9 kobolds
  5 rats
212 creatures vanquished.

Vanquished Creatures (others)
  An ogre (D:6)
  A jelly (D:6)
  3 gnolls (D:6)
  An ooze (D:6)
  An orc (D:6)
  A quokka (D:6)
  9 fungi (D:6)
  4 plants (D:10)
  7 toadstools (D:6)
28 creatures vanquished.

Grand Total: 240 creatures vanquished

Notes
Turn   | Place    | Note
-------+----------+-------------------------------------------
     0 | D:1      | SedStubbie the Mummy Gladiator began the quest for the Orb.
     0 | D:1      | Reached XP level 1. HP: 16/16 MP: 1/1
    90 | D:1      | Reached XP level 2. HP: 22/22 MP: 2/2
   101 | D:1      | Reached skill level 3 in Dodging
   554 | D:2      | Reached XP level 3. HP: 15/27 MP: 3/3
  1378 | D:4      | Found a sacrificial altar of Ru.
  1480 | D:4      | Reached skill level 4 in Dodging
  1480 | D:4      | Reached XP level 4. HP: 24/33 MP: 4/4
  1645 | D:4      | Noticed an ogre
  1660 | D:4      | Killed an ogre
  1660 | D:4      | Reached skill level 5 in Dodging
  1660 | D:4      | Reached XP level 5. HP: 12/38 MP: 5/5
  1930 | D:4      | Noticed an ogre
  1942 | D:4      | Killed an ogre
  1942 | D:4      | Reached XP level 6. HP: 12/44 MP: 6/6
  2191 | D:4      | Noticed a sky beast
  2216 | D:3      | Killed a sky beast
  2216 | D:3      | Reached skill level 6 in Dodging
  2665 | D:3      | Noticed Ijyb
  2726 | D:3      | Killed Ijyb
  3123 | D:4      | Reached XP level 7. HP: 49/50 MP: 7/7
  3298 | D:4      | Reached skill level 7 in Dodging
  3612 | D:5      | Entered Level 5 of the Dungeon
  4137 | D:4      | Reached skill level 8 in Dodging
  4541 | D:5      | Reached XP level 8. HP: 41/56 MP: 8/8
  5399 | D:5      | Reached skill level 9 in Dodging
  5903 | D:6      | Noticed Pikel
  5932 | D:5      | Killed Pikel
  5932 | D:5      | Reached skill level 10 in Dodging
  5932 | D:5      | Reached XP level 9. HP: 34/61 MP: 9/9
  6095 | D:6      | Found a staircase to the Ecumenical Temple.
  6152 | Temple   | Entered the Ecumenical Temple
  6156 | Temple   | Became a worshipper of Gozag Ym Sagoz the Greedy
  6237 | D:6      | Found a snail-covered altar of Cheibriados.
  6904 | D:7      | Found a radiant altar of Vehumet.
  6905 | D:7      | Found a shattered altar of Ashenzari.
  7065 | D:7      | Reached skill level 11 in Dodging
  7122 | D:7      | Found a white marble altar of Elyvilon.
  7165 | D:7      | Reached skill level 3 in Fighting
  8837 | D:8      | Noticed a two-headed ogre
  8881 | D:8      | Killed a two-headed ogre
  8881 | D:8      | Reached XP level 10. HP: 31/79 MP: 10/10
  9315 | D:8      | Found a sacrificial altar of Ru.
  9327 | D:8      | Noticed Psyche
  9684 | D:9      | Noticed Erolcha
  9697 | D:9      | Killed Erolcha
 10023 | D:9      | Reached skill level 9 in Fighting
 10458 | D:9      | Noticed a cyclops
 10817 | D:8      | Paralysed by Psyche for 5 turns
 11132 | D:10     | Entered Level 10 of the Dungeon
 11153 | D:9      | HP: 4/84 [cyclops/large rock (36)]
 11614 | D:9      | Killed a cyclops
 11909 | D:9      | Reached skill level 3 in Staves
 12297 | D:9      | Noticed a three-headed hydra
 12307 | D:9      | Killed a three-headed hydra
 12307 | D:9      | Reached XP level 11. HP: 61/92 MP: 11/11
 12423 | D:10     | Found a staircase to the Lair.
 12428 | D:10     | Noticed an oklob plant
 12749 | D:10     | Found a transporter.
 13075 | D:10     | Reached skill level 6 in Staves
 13126 | D:10     | Noticed a catoblepas
 13324 | D:10     | Splashed by an oklob plant's acid

Skill      XL: |  1  2  3  4  5  6  7  8  9 10 11 |
---------------+----------------------------------+-----
Dodging        | 3 4 5 6 8 10 11 | 11.0
Fighting       | 7 10 | 10.4
Staves         | 5 6 |  6.0
Throwing       | |  1.5

Action                   |  1- 3 |  4- 6 |  7- 9 | 10-12 || total
-------------------------+-------+-------+-------+-------++-------
Melee: Quarterstaff      |   115 |   118 |   574 |   420 ||  1227
Throw: Throwing net      |       |     4 |     1 |       ||     5
       Stone             |       |    12 |   113 |    18 ||   143
       Tomahawk          |       |       |       |    40 ||    40
Invok: Call Merchant     |       |       |       |     1 ||     1
Evoke: Wand              |       |       |     3 |     2 ||     5
  Use: Scroll            |       |       |    14 |     4 ||    18
 Stab: Held in net/web   |       |     3 |       |       ||     3
       Distracted        |       |       |       |     1 ||     1
Armor: Leather armour    |    39 |       |       |       ||    39
       Chain mail        |    11 |    41 |       |       ||    52
       Ring mail         |       |     9 |   164 |    86 ||   259
Dodge: Dodged            |    76 |    52 |   629 |   396 ||  1153
